Erb, neutral male human Healer $ ---------------- ---------- ` +..............| $ |..>.....| |..............| |......... -------- ##-.............<| ------- |........| #|......| # ---------------- |.....| |.........#######|......| $ ### |..$rr|# #.........| #|......| # $ |...@@|# ###-------+-- #|_......############## |...rr|# # ` #|......| |...r..##### #.......| $ -------# ###---.----############# $ $ # # ###############------.----- # ### #-....|.....| $ # |.%........| +####### $ $ |..........| ----- |...........########## |...| $ |..........| # |...| ------------ ##-...| $ $ ----- Erb the Rhizotomist Experience level: 2 Strength: 12 Dexterity: 7 Constitution: 14 Intelligence: 12 Wisdom: 15 Charisma: 17 Health: 0(23) Energy: 7(7) Def: 2 Gold: 1142 Moves: 1668 Dungeon seed: YuJsDa40gcnzk0HP Game ID: Erb_1509122451 Your Inventory: Coins $ - 1142 gold pieces Weapons s - a +0 scimitar (weapon in hand) Armor e - an uncursed +1 pair of leather gloves (being worn) Scrolls x - an uncursed scroll of create monster Spellbooks h - a blessed spellbook of healing i - a blessed spellbook of extra healing j - a blessed spellbook of stone to flesh y - an uncursed spellbook of sleep z - an uncursed spellbook of clairvoyance A - an uncursed spellbook of sleep B - an uncursed spellbook of blank paper C - an uncursed spellbook of confuse monster Potions d - 2 uncursed potions of extra healing f - a blessed potion of extra healing Wands g - a wand of sleep (0:0) Tools b - an uncursed stethoscope Gems n - an uncursed worthless piece of green glass Spells and supernatural/magical abilities: Name Level Category Fail Memory h - healing 1 healing 0% 92% x - extra healing 3 healing 62% 92% S - stone to flesh 3 healing 71% 92% W - pray for help -- divine ? -- Your skills at the end: Fighting Skills Weapon Skills knife [Basic] Spellcasting Skills healing spells [Basic] Final Attributes: You were fervently aligned. You were poison resistant. You are dead. Vanquished creatures: a gecko a jackal a fox a kobold 3 goblins a sewer rat 2 grid bugs 2 lichens a kobold zombie 11 newts 24 creatures vanquished. Voluntary challenges: You followed a strict vegan diet. You were an atheist. You used a wielded weapon 8 times, starting on turn 1019. You read items or engraved 350 times, starting on turn 77. You never genocided any monsters. You never polymorphed an object. You never changed form. You used no wishes. You never split a pudding. You wrote Elbereth's name 346 times, starting on turn 77. You never violated your personal moral code. Dungeon overview: The Dungeons of Doom: levels 1 to 4 Level 1 a fountain a long staircase Level 2 Level 3 Level 4 <- You were here a bookstore, an altar to Hermes History has recorded: On T:1 you entered the Dungeons of Doom to retrieve the Amulet of Yendor! On T:852 you reached level 2 of The Dungeons of Doom. On T:1024 you reached level 3 of The Dungeons of Doom. On T:1300 you reached level 4 of The Dungeons of Doom. On T:1477 you advanced to experience level 2. Score breakdown: Gold: 0 ( 0 points) Experience: 2 levels ( 5570 points) Exploration: 4 levels ( 8.70%) ( 7745 points) Discoveries: 5 items ( 1.71%) ( 3925 points) Valuables value: (no points given unless you survive) Artifact value: 0 ( 0 points) Variety of kills: 10 monsters ( 2.62%) ( 4860 points) Turncount: 1668 turns ( 0 points) Survival: died (score multiplied by 80%) Total score: 17680 Latest messages: Never mind. You don't have that object. Never mind. You start talking, but nobody seems to hear you. The wererat hits! The wererat just misses! You miss the wererat. The wererat hits! The wererat changes into a rat. You hit the wererat. The wererat bites! You miss the wererat. The wererat summons help! The wererat bites! The wererat changes into a human. You miss the wererat. The sewer rat bites! (4x) The wererat hits! You die... Final status: Goodbye Erb the Healer, killed by a wererat... You died in The Dungeons of Doom on dungeon level 4 with 17680 points, and 1142 pieces of gold, after 1668 moves. You were level 2 with a maximum of 23 hit points when you died.